 Dungeon Crawl Stone Soup version 0.28-a0-533-g9f97627e2a (webtiles) character file.

Game seed: 16529791097248577485

415 heikuro the Chopper (level 6, -17/56 HPs)
             Began as a Minotaur Fighter on Sept 25, 2021.
             Was an Initiate of Trog.
             Demolished by a two-headed ogre (23 damage)
             ... on level 5 of the Dungeon.
             The game lasted 00:04:46 (4652 turns).

heikuro the Chopper (Minotaur Fighter)              Turns: 4652, Time: 00:04:46

Health: -17/56     AC: 11    Str: 22    XL:     6   Next: 60%
Magic:  5/5        EV:  8    Int:  5    God:    Trog [......]
Gold:   189        SH:  4    Dex: 10    Spells: 5/5 levels left

rFire   . . .      SeeInvis .   a - +0 war axe
rCold   . . .      Faith    .   c - +0 buckler
rNeg    . . .      Spirit   .   s - +0 chain mail
rPois   .          Reflect  .   (helmet restricted)
rElec   .          Harm     .   (no cloak)
rCorr   .          Rampage  .   (no gloves)
Will    .....                   q - +0 pair of boots
Stlth   ..........              (no amulet)
HPRegen 0.18/turn               (no ring)
MPRegen 0.09/turn               (no ring)

@: flying
A: horns 2, retaliatory headbutt
a: Renounce Religion


You were on level 5 of the Dungeon.
You worshipped Trog.
Trog was noncommittal.
You visited 2 branches of the dungeon, and saw 6 of its levels.

You collected 189 gold pieces.

Inventory:

Hand Weapons
 a - a +0 war axe (weapon)
Missiles
 m - 14 poisoned darts
 o - 2 silver boomerangs (quivered)
Armour
 c - a +0 buckler (worn)
 q - a +0 pair of boots (worn)
 s - a +0 chain mail (worn)
Scrolls
 h - a scroll of identify
 j - a scroll of holy word {unknown}
 n - 2 scrolls of noise {unknown}
 p - 2 scrolls of teleportation {unknown}
Potions
 b - a potion of resistance
 d - a potion of flight
 e - a potion of brilliance {unknown}
 f - a potion of ambrosia {unknown}
 g - 2 potions of attraction {unknown}
 i - a potion of curing {unknown}
 k - 2 potions of cancellation
 l - a potion of might
 r - 2 potions of lignification {unknown}


   Skills:
 + Level 5.4 Fighting
 * Level 6.2 Axes
 + Level 5.4 Armour
 - Level 4.0 Shields


You had 5 spell levels left.
You didn't know any spells.
Your spell library contained the following spells:

 Spells                   Type           Power      Damage    Failure   Level
 Magic Dart               Conj           0%         1d3       99%         1
 Call Imp                 Summ           0%         N/A       99%         2
 Scorch                   Fire           0%         2d5       99%         2
 Mephitic Cloud           Conj/Pois/Air  0%         N/A       100%        3
 Flame Wave               Conj/Fire      0%         3d3       100%        4
 Summon Cactus Giant      Summ           0%         N/A       100%        6


Dungeon Overview and Level Annotations

Branches:
Dungeon (5/15)             Temple (1/1) D:4

Altars:
Ashenzari
Cheibriados
Dithmenos
Elyvilon
Hepliaklqana
Kikubaaqudgha
Makhleb
Nemelex Xobeh
Okawaru
Qazlal
Sif Muna
Trog
Wu Jian
Yredelemnul
Zin
The Shining One

Shops:
D:4 !


Innate Abilities, Weirdness & Mutations

You have a pair of horns on your head.
You reflexively headbutt those who attack you in melee.


Message History

A two-headed ogre comes into view. It is wielding two +0 giant clubs.
Found 2 brown potions.
The two-headed ogre shouts in stereo!
The two-headed ogre hits you with a +0 giant club! x2
You hit the two-headed ogre. You headbutt the two-headed ogre.
The two-headed ogre is lightly wounded.
You hit the iguana but do no damage.
The iguana bites you but does no damage.
You barely miss the iguana.
You hit the two-headed ogre but do no damage.
The two-headed ogre closely misses you. The two-headed ogre barely misses you.
The iguana bites you.
You hit the two-headed ogre but do no damage.
The two-headed ogre is lightly wounded.
You hit the iguana but do no damage. The two-headed ogre barely misses you.
You furiously retaliate!
You headbutt the two-headed ogre, but do no damage.
The two-headed ogre hits you with a +0 giant club!
The iguana closely misses you. The iguana barely misses you.
Okay, then.
Unknown command.
Unknown command.
You feel very buoyant.
You fly up into the air.
The iguana bites you.
The two-headed ogre hits you with a +0 giant club!
* * * LOW HITPOINT WARNING * * *
The two-headed ogre hits you but does no damage.
Unknown command.
You hit the two-headed ogre.
The two-headed ogre is lightly wounded.
You barely miss the iguana. You block the iguana's attack.
You block the two-headed ogre's attack. x2
Unknown command.
You slash the two-headed ogre! You headbutt the two-headed ogre!
The two-headed ogre is heavily wounded.
You hit the iguana.
The iguana bites you but does no damage.
The two-headed ogre hits you with a +0 giant club!!
You die...

#.# #####.# #.
######.....#
#.###..........#
#......###.....# #
#......###.....##...
#.......##..!.......
........##.#..###...
#!.....@##.#..# ##
#.....lO...#..###
#######.##......#
#.##.#..#.#
#.##.#<.#.#
#.......# #
####.#.## .....#
###....


You could see a two-headed ogre and an iguana.

Vanquished Creatures
  A black bear (D:3)
  A bullfrog (D:4)
  A scorpion (D:4)
  An iguana (D:4)
  5 adders
  4 gnolls
  2 worms
  2 dart slugs (D:1)
  3 orcs
  5 bats
  10 endoplasms
  9 giant cockroaches
  5 goblins
  7 hobgoblins
  4 jackals (D:1)
  2 quokkas
  2 ball pythons
  2 frilled lizards (D:3)
  8 kobolds
  10 rats
84 creatures vanquished.

Vanquished Creatures (others)
  23 fungi (D:4)
  7 plants (D:4)
30 creatures vanquished.

Grand Total: 114 creatures vanquished

Notes
Turn   | Place    | Note
-------+----------+-------------------------------------------
     0 | D:1      | heikuro the Minotaur Fighter began the quest for the Orb.
     0 | D:1      | Reached XP level 1. HP: 19/19 MP: 0/0
     1 | D:1      | Found a runed translucent door.
    28 | D:1      | Reached XP level 2. HP: 7/27 MP: 1/1
    31 | D:1      | HP: 1/27 [jackal (3)]
    32 | D:1      | Reached skill level 3 in Axes
   341 | D:1      | Reached XP level 3. HP: 33/33 MP: 2/2
  1583 | D:2      | Found a faded altar of an unknown god.
  1601 | D:2      | Reached XP level 4. HP: 39/40 MP: 3/3
  1782 | D:2      | Reached skill level 4 in Axes
  2100 | D:3      | Noticed a black bear
  2181 | D:3      | Killed a black bear
  2182 | D:3      | Reached XP level 5. HP: 16/47 MP: 4/4
  2186 | D:3      | Reached skill level 5 in Axes
  2188 | D:3      | HP: 2/47 [poisoned by an adder]
  2926 | D:3      | Found a bloodstained altar of Trog.
  2932 | D:3      | Became a worshipper of Trog the Wrathful
  3022 | D:4      | Found a staircase to the Ecumenical Temple.
  3032 | Temple   | Entered the Ecumenical Temple
  3578 | D:4      | Reached skill level 5 in Fighting
  3578 | D:4      | Reached skill level 5 in Armour
  3835 | D:4      | Found a snail-covered altar of Cheibriados.
  3865 | D:4      | Found Daysch's Distillery.
  3891 | D:4      | Reached XP level 6. HP: 51/56 MP: 5/5
  3893 | D:4      | Reached skill level 6 in Axes
  4323 | D:4      | Found a hazy altar of Hepliaklqana.
  4561 | D:4      | Found an ornate altar of the Wu Jian Council.
  4618 | D:5      | Entered Level 5 of the Dungeon
  4644 | D:5      | Noticed a two-headed ogre
  4652 | D:5      | Demolished by a two-headed ogre

Illustrated notes

Levels and vault maps discovered:
D:1:      dpeg_arrival_caged_fury, layout_basic
D:2:      layout_basic, ebering_ecumenical_altar_abandoned,
          minmay_misc_feat_columns, hangedman_decor_points,
          corexii_item_surrounded_by_moat
D:3:      layout_rooms, trog_butcher_becter, st_stairs_4
D:4:      layout_loops_ring, overflow_temple_1_default,
          mainiacjoe_overflow_chevrons, kennysheep_mini,
          minmay_temple_entry_statues_fountains, serial_shops, shop
D:5:      layout_loops_cross
Temple:   minmay_temple_forest_path

Skill      XL: |  1  2  3  4  5  6 |
---------------+-------------------+-----
Axes           | 3 4 5 6 |  6.2
Armour         | 4 5 |  5.4
Shields        | 4 |  4.0
Fighting       | 4 5 |  5.4

Action                   |  1- 3 |  4- 6 || total
-------------------------+-------+-------++-------
Melee: War axe           |    70 |   122 ||   192
       Headbutt          |     4 |    24 ||    28
  Use: Potion            |     1 |     1 ||     2
       Scroll            |       |     4 ||     4
Armor: Scale mail        |    44 |    42 ||    86
       Chain mail        |       |    18 ||    18
Dodge: Dodged            |    55 |    65 ||   120
Block: Buckler           |    16 |    34 ||    50

Table legend: (Time is in decaauts)
 A = Elapsed time spent in this place.
 B = Non-inter-level travel time spent in this place.
 C = Inter-level travel time spent in this place.
 D = Time resting spent in this place.
 E = Time spent auto-exploring this place.
 F = Levels seen in this place.
 G = Mean time per level.
                   A        B        C        D        E       F      G
               +--------+--------+--------+--------+--------+-----+--------+
         Total |   4705 |   4439 |    266 |    837 |   2852 |   6 |  784.2 |
       Dungeon |   4365 |   4121 |    244 |    837 |   2547 |   5 |  873.0 |
        Temple |    339 |    317 |     22 |      0 |    305 |   1 |  339.0 |
               +--------+--------+--------+--------+--------+-----+--------+

Top non-repeatable levels by time:
     D:1: 1360 daAuts
     D:3: 1118 daAuts
     D:4: 1080 daAuts
     D:2: 772 daAuts
  Temple: 339 daAuts
     D:5: 34 daAuts
